TOP OF THE 1ST |
Evanston Elitists batting - Pitching for Grim Reapers : RHP William Stephens
|
Pitching: RHP William Stephens
|
|
Batting: SHB Troy Abreu
|
0-0: Called Strike 0-1: Fly out, F9 (Flyball, 89D)
|
Batting: RHB Zhong-xian Pai
|
0-0: Foul Ball, location: 2F 0-1: Ball 1-1: Called Strike 1-2: Ground out 3-1 (Groundball, 34S)
|
Batting: RHB Greg Nichols
|
0-0: Foul Ball, location: 2F 0-1: Swinging Strike 0-2: Ball 1-2: Ball 2-2: Ball 3-2: Fly out, F8 (Flyball, 8RD)
|
Top of the 1st over - 0 runs, 0 hits, 0 errors, 0 left on base; Evanston 0 - Grim 0 |
BOTTOM OF THE 1ST |
Grim Reapers batting - Pitching for Evanston Elitists : RHP Nick Raines
|
Pitching: RHP Nick Raines
|
|
Batting: LHB Todd Emery
|
0-0: Ground out 4-3 (Groundball, 4S)
|
Batting: SHB Luis Sotelo
|
0-0: Ball 1-0: Ball 2-0: Called Strike 2-1: Ball 3-1: Ground out 4-3 (Groundball, 4S)
|
Batting: LHB Benny Lawson
|
0-0: Ball 1-0: Ball 2-0: Ground out 6-3 (Groundball, 6)
|
Bottom of the 1st over - 0 runs, 0 hits, 0 errors, 0 left on base; Evanston 0 - Grim 0 |
TOP OF THE 2ND |
Evanston Elitists batting - Pitching for Grim Reapers : RHP William Stephens
|
Batting: LHB Jonathan Martin
|
0-0: Called Strike 0-1: Ball 1-1: Ball 2-1: Fly out, F5 (Popup, 25F)
|
Batting: RHB Troy Johnson
|
0-0: Called Strike 0-1: Ball 1-1: Swinging Strike 1-2: Ground out 6-3 (Groundball, 6)
|
Batting: LHB Jean-Sébastien Beaudin
|
0-0: Called Strike 0-1: Ball 1-1: Foul Ball, location: 2F 1-2: Foul Ball, location: 2F 1-2: Strikes out swinging
|
Top of the 2nd over - 0 runs, 0 hits, 0 errors, 0 left on base; Evanston 0 - Grim 0 |
BOTTOM OF THE 2ND |
Grim Reapers batting - Pitching for Evanston Elitists : RHP Nick Raines
|
Batting: RHB Ramón Sánchez
|
0-0: Fly out, F7 (Flyball, 78M)
|
Batting: RHB Phil Martin
|
0-0: Called Strike 0-1: Fly out, F7 (Flyball, 7LS)
|
Batting: RHB Arturo Franco
|
0-0: Called Strike 0-1: Ball 1-1: Called Strike 1-2: Ball 2-2: Strikes out swinging
|
Bottom of the 2nd over - 0 runs, 0 hits, 0 errors, 0 left on base; Evanston 0 - Grim 0 |
TOP OF THE 3RD |
Evanston Elitists batting - Pitching for Grim Reapers : RHP William Stephens
|
Batting: SHB Claas van der Kuijl
|
0-0: Ball 1-0: Ball 2-0: Ground out 6-3 (Groundball, 6)
|
Batting: RHB Mike Harris
|
0-0: SOLO HOME RUN (Flyball, 7D), Distance : 415 ft
|
Batting: RHB Bruce Adams
|
0-0: Ball 1-0: Ball 2-0: Foul Ball, location: 2F 2-1: Called Strike 2-2: Foul Ball, location: 2F 2-2: Strikes out swinging
|
Batting: SHB Troy Abreu
|
0-0: Called Strike 0-1: Called Strike 0-2: Foul Ball, location: 2F 0-2: Strikes out swinging
|
Top of the 3rd over - 1 run, 1 hit, 0 errors, 0 left on base; Evanston 1 - Grim 0 |
BOTTOM OF THE 3RD |
Grim Reapers batting - Pitching for Evanston Elitists : RHP Nick Raines
|
Batting: RHB Pedro López
|
0-0: Called Strike 0-1: Ball 1-1: Ground out 1-3 (Groundball, 13)
|
Batting: RHB Fred Wagner
|
0-0: Swinging Strike 0-1: Ball 1-1: Ball 2-1: Ball 3-1: Base on Balls
|
Batting: RHB Mario Barker
|
0-0: Ball 1-0: Foul Ball, location: 2F 1-1: SINGLE (Groundball, 4MD) Fred Wagner to second Runner from 2nd tries for 3rd, SAFE, no throw
|
Batting: LHB Todd Emery
|
0-0: Fly out, F8 (Flyball, 8RXD) Runner from 3rd tags up, SCORES, no throw
|
Batting: SHB Luis Sotelo
|
0-0: Called Strike 0-1: Ball 1-1: Ball 2-1: Called Strike 2-2: Fly out, F7 (Line Drive, 7LD)
|
Bottom of the 3rd over - 1 run, 1 hit, 0 errors, 1 left on base; Evanston 1 - Grim 1 |
TOP OF THE 4TH |
Evanston Elitists batting - Pitching for Grim Reapers : RHP William Stephens
|
Batting: RHB Zhong-xian Pai
|
0-0: SINGLE (Line Drive, 3)
|
Batting: RHB Greg Nichols
|
0-0: Fly out, F8 (Flyball, 8LS)
|
Batting: LHB Jonathan Martin
|
0-0: Ball 1-0: Ball 2-0: SINGLE (Groundball, 56) (infield hit) Zhong-xian Pai to second
|
Batting: RHB Troy Johnson
|
0-0: Ball 1-0: Fly out, F6 (Line Drive, 56)
|
Batting: LHB Jean-Sébastien Beaudin
|
0-0: Ball 1-0: Ball 2-0: Ball 3-0: Base on Balls Zhong-xian Pai to third Jonathan Martin to second
|
Batting: SHB Claas van der Kuijl
|
0-0: Swinging Strike Passed Ball! Zhong-xian Pai scores Jonathan Martin to third Jean-Sébastien Beaudin to second 0-1: Foul Ball, location: 2F 0-2: Ball 1-2: Ball 2-2: Strikes out swinging
|
Top of the 4th over - 1 run, 2 hits, 0 errors, 2 left on base; Evanston 2 - Grim 1 |
BOTTOM OF THE 4TH |
Grim Reapers batting - Pitching for Evanston Elitists : RHP Nick Raines
|
Batting: LHB Benny Lawson
|
0-0: Ball 1-0: Ball 2-0: Called Strike 2-1: Swinging Strike 2-2: Ball 3-2: Strikes out swinging
|
Batting: RHB Ramón Sánchez
|
0-0: Ball 1-0: Called Strike 1-1: Swinging Strike 1-2: SINGLE (Line Drive, 4MD)
|
Batting: RHB Phil Martin
|
0-0: Fly out, F7 (Flyball, 78S)
|
Batting: RHB Arturo Franco
|
0-0: Ball 1-0: Called Strike 1-1: Ball 2-1: Foul Ball, location: 2F 2-2: Ball 3-2: Fly out, F8 (Flyball, 8LD)
|
Bottom of the 4th over - 0 runs, 1 hit, 0 errors, 1 left on base; Evanston 2 - Grim 1 |
TOP OF THE 5TH |
Evanston Elitists batting - Pitching for Grim Reapers : RHP William Stephens
|
Batting: RHB Mike Harris
|
0-0: Ball 1-0: Foul Ball, location: 2F 1-1: Fly out, F9 (Flyball, 89M)
|
Batting: RHB Bruce Adams
|
0-0: Called Strike 0-1: Ball 1-1: Fly out, F8 (Flyball, 8RM)
|
Batting: SHB Troy Abreu
|
0-0: Ball 1-0: Ground out 4-3 (Groundball, 4M)
|
Top of the 5th over - 0 runs, 0 hits, 0 errors, 0 left on base; Evanston 2 - Grim 1 |
BOTTOM OF THE 5TH |
Grim Reapers batting - Pitching for Evanston Elitists : RHP Nick Raines
|
Batting: RHB Pedro López
|
0-0: Called Strike 0-1: Ball 1-1: Swinging Strike 1-2: Ball 2-2: Ball 3-2: Ground out 6-3 (Groundball, 6M)
|
Batting: RHB Fred Wagner
|
0-0: Called Strike 0-1: Called Strike 0-2: Ball 1-2: Ground out 3-1 (Groundball, 34)
|
Batting: RHB Mario Barker
|
0-0: Called Strike 0-1: Called Strike 0-2: Ball 1-2: Strikes out swinging
|
Bottom of the 5th over - 0 runs, 0 hits, 0 errors, 0 left on base; Evanston 2 - Grim 1 |
TOP OF THE 6TH |
Evanston Elitists batting - Pitching for Grim Reapers : RHP William Stephens
|
Batting: RHB Zhong-xian Pai
|
0-0: Called Strike 0-1: Ball 1-1: Foul Ball, location: 2F 1-2: Ball 2-2: Strikes out swinging
|
Batting: RHB Greg Nichols
|
0-0: Ball 1-0: Foul Ball, location: 2F 1-1: Called Strike 1-2: Ball 2-2: Strikes out swinging
|
Batting: LHB Jonathan Martin
|
0-0: Ball 1-0: SINGLE (Groundball, 4MD)
|
Batting: RHB Troy Johnson
|
0-0: Ball 1-0: Called Strike 1-1: Fly out, F5 (Popup, 25F)
|
Top of the 6th over - 0 runs, 1 hit, 0 errors, 1 left on base; Evanston 2 - Grim 1 |
BOTTOM OF THE 6TH |
Grim Reapers batting - Pitching for Evanston Elitists : RHP Nick Raines
|
Batting: LHB Todd Emery
|
0-0: Called Strike 0-1: Ball 1-1: Ball 2-1: Foul Ball, location: 2F 2-2: Strikes out swinging
|
Batting: SHB Luis Sotelo
|
0-0: Ball 1-0: Ball 2-0: Ball 3-0: Swinging Strike 3-1: Called Strike 3-2: Foul Ball, location: 2F 3-2: SINGLE (Groundball, 34D)
|
Batting: LHB Benny Lawson
|
0-0: Fly out, F9 (Flyball, 89S)
|
Batting: RHB Ramón Sánchez
|
0-0: Ball 1-0: Fielders Choice at 2nd, 6-4 (Groundball, 56)
|
Bottom of the 6th over - 0 runs, 1 hit, 0 errors, 1 left on base; Evanston 2 - Grim 1 |
TOP OF THE 7TH |
Evanston Elitists batting - Pitching for Grim Reapers : RHP William Stephens
|
Batting: LHB Jean-Sébastien Beaudin
|
0-0: Ball 1-0: Ball 2-0: Foul Ball, location: 2F 2-1: Foul Ball, location: 2F 2-2: Foul Ball, location: 2F 2-2: Ground out 4-3 (Groundball, 4D)
|
Batting: SHB Claas van der Kuijl
|
0-0: Ball 1-0: Called Strike 1-1: Ball 2-1: Ball 3-1: Base on Balls
|
Batting: RHB Mike Harris
|
0-0: Fly out, F6 (Popup, 6)
|
Pinch Hitting: RHB Joe Farrell
|
0-0: Ball 1-0: Called Strike Claas van der Kuijl steals 2nd base 1-1: Ball 2-1: Fly out, F9 (Line Drive, 9)
|
Top of the 7th over - 0 runs, 0 hits, 0 errors, 1 left on base; Evanston 2 - Grim 1 |
BOTTOM OF THE 7TH |
Grim Reapers batting - Pitching for Evanston Elitists : RHP Nick Raines
|
Now at 3B: Joe Farrell
|
|
Batting: RHB Phil Martin
|
0-0: Ball 1-0: DOUBLE (Flyball, 8RXD)
|
Pinch Hitting: LHB Jesús Rojas
|
0-0: Called Strike 0-1: Ball 1-1: Ball 2-1: Foul Ball, location: 2F 2-2: Fly out, F4 (Line Drive, 4)
|
Pinch Hitting: LHB Marcos Fontanez
|
0-0: Called Strike 0-1: Ball 1-1: Fly out, F9 (Flyball, 9)
|
Batting: RHB Fred Wagner
|
0-0: Called Strike 0-1: Fly out, F7 (Flyball, 7LM)
|
Bottom of the 7th over - 0 runs, 1 hit, 0 errors, 1 left on base; Evanston 2 - Grim 1 |
TOP OF THE 8TH |
Evanston Elitists batting - Pitching for Grim Reapers : RHP William Stephens
|
Now at SS: Walt Green
|
|
Now in RF: Jesús Rojas
|
|
Batting: SHB Troy Abreu
|
0-0: Called Strike 0-1: Ball 1-1: Ball 2-1: Called Strike 2-2: SINGLE (Groundball, 6MD)
|
Pitching: RHP Dave Weeks
|
|
Batting: RHB Zhong-xian Pai
|
0-0: Bunt missed! 0-1: Sac Bunt - play at first, batter OUT! 1-4 Troy Abreu to second
|
Batting: RHB Greg Nichols
|
0-0: Intentional Walk
|
Batting: LHB Jonathan Martin
|
0-0: DOUBLE (Groundball, 5L) Troy Abreu scores Greg Nichols to third
|
Batting: RHB Troy Johnson
|
0-0: Foul Ball, location: 2F 0-1: Ball 1-1: Ground out 6-3 (Groundball, 6MS)
|
Batting: LHB Jean-Sébastien Beaudin
|
0-0: Foul Ball, location: 2F 0-1: Swinging Strike 0-2: Ground out U3 (Groundball, 3)
|
Top of the 8th over - 1 run, 2 hits, 0 errors, 2 left on base; Evanston 3 - Grim 1 |
BOTTOM OF THE 8TH |
Grim Reapers batting - Pitching for Evanston Elitists : RHP Nick Raines
|
Pitching: RHP Leonard Clements
|
|
Batting: RHB Mario Barker
|
0-0: Ball 1-0: Fly out, F9 (Flyball, 9S)
|
Batting: LHB Todd Emery
|
0-0: Ground out 4-3 (Groundball, 4)
|
Batting: SHB Luis Sotelo
|
0-0: Ball 1-0: Called Strike 1-1: Ball 2-1: Foul Ball, location: 2F 2-2: SINGLE (Groundball, 34D)
|
Batting: LHB Benny Lawson
|
0-0: Ball Pickoff Throw to First - Error! E1 Luis Sotelo to second 1-0: Called Strike 1-1: Swinging Strike 1-2: Ball 2-2: Foul Ball, location: 2F 2-2: Ball 3-2: Foul Ball, location: 2F 3-2: Foul Ball, location: 2F 3-2: Base on Balls
|
Batting: RHB Ramón Sánchez
|
0-0: Called Strike 0-1: 3-RUN HOME RUN (Flyball, 7LD), Distance : 358 ft
|
Pitching: RHP José Chávez
|
|
Batting: RHB Phil Martin
|
0-0: Called Strike 0-1: Ball 1-1: Swinging Strike 1-2: Strikes out looking
|
Bottom of the 8th over - 3 runs, 2 hits, 1 error, 0 left on base; Evanston 3 - Grim 4 |
TOP OF THE 9TH |
Evanston Elitists batting - Pitching for Grim Reapers : RHP Dave Weeks
|
Pitching: RHP Roger Oliver
|
|
Now in LF: Jesús Pérez
|
|
Batting: SHB Claas van der Kuijl
|
0-0: Ball 1-0: Swinging Strike 1-1: Swinging Strike 1-2: Ball 2-2: Ground out 4-3 (Groundball, 4D)
|
Batting: RHB Mike Harris
|
0-0: Ball 1-0: Ball 2-0: Ball 3-0: Base on Balls
|
Batting: RHB Joe Farrell
|
0-0: Swinging Strike 0-1: Ball 1-1: SINGLE (Groundball, 6MS) (infield hit) Mike Harris to second
|
Batting: SHB Troy Abreu
|
0-0: Called Strike 0-1: Swinging Strike 0-2: Ball 1-2: Ball 2-2: Foul Ball, location: 2F 2-2: Foul Ball, location: 2F 2-2: Ball 3-2: Base on Balls Mike Harris to third Joe Farrell to second
|
Batting: RHB Zhong-xian Pai
|
0-0: Ball 1-0: DOUBLE (Line Drive, 7LM) Mike Harris scores Joe Farrell scores Troy Abreu to third
|
Batting: RHB Greg Nichols
|
0-0: Intentional Walk
|
Batting: LHB Jonathan Martin
|
0-0: Swinging Strike 0-1: Called Strike 0-2: Strikes out swinging
|
Batting: RHB Troy Johnson
|
0-0: Called Strike 0-1: Swinging Strike 0-2: Foul Ball, location: 2F 0-2: Ball 1-2: Fielders Choice at 2nd, 6-4 (Groundball, 56)
|
Top of the 9th over - 2 runs, 2 hits, 0 errors, 3 left on base; Evanston 5 - Grim 4 |
BOTTOM OF THE 9TH |
Grim Reapers batting - Pitching for Evanston Elitists : RHP José Chávez
|
Pitching: RHP António Acosta
|
|
Batting: LHB Jesús Rojas
|
0-0: Ball 1-0: Ball 2-0: Ball 3-0: Called Strike 3-1: Base on Balls
|
Pinch Runner at 1st Chris Jackson:
|
|
Batting: RHB Walt Green
|
0-0: Ball 1-0: Bunted foul 1-1: Bunted foul 1-2: Ball 2-2: Foul Ball, location: 2F 2-2: Ball 3-2: SINGLE (Flyball, 9LS) Chris Jackson to second Runner from 2nd tries for 3rd, SAFE, no throw
|
Batting: RHB Fred Wagner
|
0-0: Fly out, F8 (Flyball, 78D) Runner from 3rd tags up, SCORES, throw made
|
Batting: RHB Mario Barker
|
0-0: Called Strike Walt Green steals 2nd base 0-1: Ball 1-1: Foul Ball, location: 2F 1-2: Foul Ball, location: 2F 1-2: Strikes out swinging
|
Batting: LHB Todd Emery
|
0-0: Ball 1-0: Ball 2-0: Ball 3-0: Base on Balls
|
Batting: SHB Luis Sotelo
|
0-0: Ball 1-0: Ball 2-0: Ball 3-0: Called Strike 3-1: Base on Balls Walt Green to third Todd Emery to second
|
Batting: RHB Jesús Pérez
|
0-0: Called Strike 0-1: Fielders Choice at 2nd, 6-4 (Groundball, 6)
|
Bottom of the 9th over - 1 run, 1 hit, 0 errors, 3 left on base; Evanston 5 - Grim 5 |
BOTTOM OF THE 10TH |
Grim Reapers batting - Pitching for Evanston Elitists : RHP António Acosta
|
Pitching: RHP José Aponte
|
|
Batting: RHB Ramón Sánchez
|
0-0: Ball 1-0: Ball 2-0: Called Strike 2-1: Foul Ball, location: 2F 2-2: Fly out, F7 (Line Drive, 7LS)
|
Batting: RHB Phil Martin
|
0-0: SINGLE (Groundball, 4MD)
|
Pinch Runner at 1st Jorge Aguilar:
|
|
Batting: LHB Chris Jackson
|
0-0: Ball 1-0: Ball Jorge Aguilar steals 2nd base 2-0: Intentional Walk
|
Batting: RHB Walt Green
|
0-0: Ball 1-0: Called Strike 1-1: Fly out, F6 (Line Drive, 6)
|
Batting: RHB Fred Wagner
|
0-0: Ball 1-0: Swinging Strike 1-1: Ball 2-1: Foul Ball, location: 2F 2-2: Ball 3-2: SINGLE (Groundball, 6MD) Jorge Aguilar to third Chris Jackson to second Jorge Aguilar scores
|
Saturday, April 7th, 2018 - OOTP Baseball 18.8 Build 76
|
|